 Dungeon Crawl Stone Soup version 0.29.0-4-gdea44cf6ec (webtiles) character file.

Game seed: 6038973424738143478

1380 qw the Grappler (level 8, -10/71 HPs)
             Began as a Ghoul Fire Elementalist on Aug 29, 2022.
             Mangled by an ogre
             ... wielding a +0 giant spiked club
              (11 damage)
             ... on level 5 of the Dungeon.
             The game lasted 00:05:06 (6604 turns).

qw the Grappler (Ghoul Fire Elementalist)           Turns: 6604, Time: 00:05:07

Health: -10/71     AC: 16    Str: 20    XL:     8   Next: 66%
Magic:  9/9        EV:  7    Int: 10    God:
Gold:   214        SH:  0    Dex:  9    Spells: 9/10 levels left

rFire   . . .      SeeInvis .     - Unarmed
rCold   + . .      Faith    .   (no shield)
rNeg    + + +      Spirit   .   j - +0 chain mail
rPois   inf        Reflect  .   a - +1 helmet
rElec   .          Harm     .   (no cloak)
rCorr   .          Rampage  .   (no gloves)
Will    .....                   c - +0 pair of boots
Stlth   ..........              (no amulet)
HPRegen 0.00/turn               d - +6 ring of strength
MPRegen 0.11/turn               e - +4 ring of protection

@: inhibited regen
A: claws 1, cold resistance 1, negative energy resistance 3, inhibited
regeneration, torment resistance 2, devour on kill
a: no special abilities


You were on level 5 of the Dungeon.
You visited 1 branch of the dungeon, and saw 5 of its levels.

You collected 214 gold pieces.


Innate Abilities, Weirdness & Mutations

You are immune to poison.
You have sharp fingernails.
Your flesh is cold resistant. (rC+)
You are immune to negative energy. (rN+++)
You do not regenerate when monsters are visible.
You are immune to unholy pain and torment.
You thrive by killing the living.


   Skills:
 - Level 6.5 Fighting
 - Level 2.2 Armour
 - Level 1.7 Dodging
 - Level 2.1 Stealth
 + Level 8.5 Unarmed Combat
 - Level 1.7 Spellcasting
 - Level 0.7 Conjurations
 - Level 2.4 Fire Magic


You had 9 spell levels left.
You knew the following spells:

 Your Spells              Type           Power      Damage    Failure   Level
a - Foxfire               Conj/Fire      16%        2x1d4     88%         1

Your spell library contained the following spells:

 Spells                   Type           Power      Damage    Failure   Level
 Scorch                   Fire           10%        2d5       89%         2
 Conjure Flame            Conj/Fire      4%         6-21      99%         3
 Inner Flame              Hex/Fire       3%         N/A       100%        3
 Flame Wave               Conj/Fire      4%         2d5       100%        4

Inventory:

Missiles
 l - 6 boomerangs (quivered)
Armour
 a - a +1 helmet (worn)
 c - a +0 pair of boots (worn)
 j - a +0 chain mail (worn)
Jewellery
 d - a +6 ring of strength (left claw)
 e - a +4 ring of protection (right claw)
 g - a ring of fire
Scrolls
 h - 2 scrolls of identify
 o - a scroll of enchant weapon
 q - 3 scrolls of poison {unknown}
Potions
 b - 2 potions of might
 f - 2 potions of haste
 i - a potion of mutation
 k - a potion of degeneration {unknown}
 m - a potion of curing
 n - a potion of lignification {unknown}
 p - a potion of heal wounds {unknown}

Dungeon Overview and Level Annotations

Branches:
Dungeon (5/15)
 Temple: D:4-7

Altars:
Makhleb
Ru
Uskayaw

Annotations:
D:4 3 runed translucent doors, qw's ghost, amateur TeWr


Message History

Pikel hits you with a +0 whip of flaming!
Pikel burns you.
You claw Pikel!
Pikel is almost dead.
You closely miss Pikel.
Pikel is almost dead.
Pikel barely misses you.
You barely miss Pikel.
Pikel is almost dead.
Pikel hits you but does no damage.
You claw Pikel!
You kill Pikel!
With Pikel's spell broken, his former minions thank you for their freedom.
The lemure departs this earthly plane. x2
Your Fighting skill gained 3 levels and is now at level 6!
Menkaure hits you!
Things that are here:
a +0 whip of flaming; a +0 robe; a +0 robe You claw Menkaure!
Menkaure is moderately damaged.
Menkaure barely misses you.
You barely miss Menkaure. You claw Menkaure!
Menkaure is severely damaged.
You barely miss Menkaure.
Menkaure is severely damaged.
Menkaure hits you.
You claw Menkaure!
You destroy Menkaure!
You scratch the ogre.
The ogre is lightly wounded.
The ogre hits you with a +0 giant spiked club!
You barely miss the ogre.
The ogre is lightly wounded.
The ogre hits you with a +0 giant spiked club.
You barely miss the ogre. Your claw misses the ogre.
The ogre is lightly wounded.
You claw the ogre!
The ogre is heavily wounded.
The ogre hits you with a +0 giant spiked club!
You die...

#.# #.
#####.#
..
#.....#
#.
#.#####
.. #.#
###. #.#
... #.#
#O#####.#
#.@.....#
#########


You could see an ogre.

Vanquished Creatures
  Pikel (D:5)
  Menkaure (D:5)
  An ice beast (D:5)
  An ogre (D:5)
  A phantom (D:4)
  A scorpion (D:4)
  2 hounds
  Ijyb (D:5)
  Natasha (thrice) (D:4)
  3 iguanas
  3 orc wizards
  3 gnolls (D:5)
  8 adders
  A shadow imp (D:5)
  3 worms
  A dart slug (D:3)
  17 orcs
  2 bats
  6 endoplasms
  5 giant cockroaches
  2 goblins
  3 hobgoblins
  9 jackals
  7 quokkas
  7 ball pythons
  21 frilled lizards
  7 kobolds
  6 rats
126 creatures vanquished.

Vanquished Creatures (others)
  4 fungi (D:4)
  2 plants (D:3)
6 creatures vanquished.

Grand Total: 132 creatures vanquished

Notes
Turn   | Place    | Note
-------+----------+-------------------------------------------
     0 | D:1      | qw the Ghoul Fire Elementalist began the quest for the Orb.
     0 | D:1      | Reached XP level 1. HP: 14/14 MP: 2/2
     0 | D:1      | 0 ||| qw: Version: 0.1-a-90-g952f4b7
     0 | D:1      | 0 ||| qw: Game counter: 4141
     0 | D:1      | 0 ||| qw: Always use a shield: true
     0 | D:1      | 0 ||| qw: God list: Okawaru
     0 | D:1      | 0 ||| qw: Allow faded altars: false
     0 | D:1      | 0 ||| qw: Do Orc after D:15 true
     0 | D:1      | 0 ||| qw: Do second Lair branch before Depths: true
     0 | D:1      | 0 ||| qw: Lair rune preference: random
     0 | D:1      | 0 ||| qw: Plans: Normal
     0 | D:1      | 0 ||| PLANNING D:1-11
    59 | D:1      | 59 ||| Stepping ~*~*~tactically~*~*~ (stealth).
    61 | D:1      | 61 ||| Stepping ~*~*~tactically~*~*~ (stealth).
    69 | D:1      | 69 ||| Stepping ~*~*~tactically~*~*~ (outnumbered).
    71 | D:1      | Reached skill level 1 in Unarmed Combat
    76 | D:1      | 76 ||| Stepping ~*~*~tactically~*~*~ (outnumbered).
    77 | D:1      | 77 ||| Stepping ~*~*~tactically~*~*~ (outnumbered).
    78 | D:1      | 78 ||| Stepping ~*~*~tactically~*~*~ (outnumbered).
    79 | D:1      | 79 ||| Stepping ~*~*~tactically~*~*~ (outnumbered).
    80 | D:1      | 80 ||| Stepping ~*~*~tactically~*~*~ (outnumbered).
    81 | D:1      | 81 ||| Stepping ~*~*~tactically~*~*~ (outnumbered).
    82 | D:1      | 82 ||| Stepping ~*~*~tactically~*~*~ (outnumbered).
    83 | D:1      | 83 ||| Stepping ~*~*~tactically~*~*~ (outnumbered).
    84 | D:1      | 84 ||| Stepping ~*~*~tactically~*~*~ (outnumbered).
    85 | D:1      | 85 ||| Stepping ~*~*~tactically~*~*~ (outnumbered).
    86 | D:1      | 86 ||| Stepping ~*~*~tactically~*~*~ (outnumbered).
    87 | D:1      | 87 ||| Stepping ~*~*~tactically~*~*~ (outnumbered).
    92 | D:1      | Reached XP level 2. HP: 17/22 MP: 3/3
   286 | D:1      | Reached skill level 1 in Fighting
   705 | D:1      | Reached skill level 2 in Unarmed Combat
  1051 | D:1      | 1051 ||| UPGRADING to +0 leather armour.
  1061 | D:1      | 1061 ||| DROPPING +0 robe.
  1062 | D:1      | 1062 ||| UPGRADING to +0 chain mail.
  1072 | D:1      | 1072 ||| DROPPING +0 leather armour.
  1073 | D:1      | 1073 ||| READING 2 scrolls labelled TAVAISIKH.
  1077 | D:1      | 1077 ||| READING scroll labelled UNNIYF OVU.
  1078 | D:1      | 1078 ||| READING scroll labelled ENEWUS PYRYDWE.
  1079 | D:1      | 1079 ||| READING 3 scrolls labelled ASCHUBLIGETT.
  1080 | D:1      | 1080 ||| READING 2 scrolls labelled NIKHUM OKHISA.
  1081 | D:1      | 1081 ||| DRINKING 2 glowing sapphire potions.
  1082 | D:1      | 1082 ||| DROPPING potion of magic.
  1083 | D:1      | 1083 ||| DROPPING 2 scrolls of vulnerability.
  1084 | D:1      | 1084 ||| DROPPING potion of brilliance.
  1126 | D:2      | Reached XP level 3. HP: 24/28 MP: 4/4
  1479 | D:2      | Reached skill level 3 in Unarmed Combat
  1525 | D:2      | Identified the +4 ring mail "Xilidui" {Str+2 Dex+2}
  1546 | D:2      | Found a faded altar of an unknown god.
  2154 | D:2      | 2154 ||| UPGRADING to +1 helmet.
  2159 | D:2      | 2159 ||| DROPPING +4 ring mail "Xilidui" {Str+2 Dex+2}.
  2160 | D:2      | 2160 ||| UPGRADING to +0 pair of boots.
  2165 | D:2      | 2165 ||| UPGRADING to +6 ring of strength.
  2166 | D:2      | 2166 ||| READING scroll labelled QIPUJU RASONA.
  2167 | D:2      | 2167 ||| DRINKING 2 fuming coppery potions.
  2168 | D:2      | 2168 ||| READING 2 scrolls of identify.
  2168 | D:2      | 2168 ||| IDENTIFYING fuming cyan potion
  2169 | D:2      | 2169 ||| DROPPING potion of flight.
  2235 | D:3      | Reached XP level 4. HP: 35/35 MP: 5/5
  2303 | D:3      | Reached skill level 1 in Armour
  2311 | D:3      | HP: 8/35 [something (3)]
  2312 | D:3      | 2312 ||| READING 2 scrolls of teleportation.
  2316 | D:3      | HP: 7/35 [something (1)]
  2417 | D:3      | 2417 ||| Invisible monster not found???
  2475 | D:3      | Reached skill level 4 in Unarmed Combat
  2683 | D:3      | 2683 ||| Stepping ~*~*~tactically~*~*~ (stealth).
  2785 | D:3      | Reached XP level 5. HP: 41/41 MP: 6/6
  2785 | D:3      | 2785 ||| Stepping ~*~*~tactically~*~*~ (outnumbered).
  2786 | D:3      | 2786 ||| Stepping ~*~*~tactically~*~*~ (outnumbered).
  2787 | D:3      | 2787 ||| Stepping ~*~*~tactically~*~*~ (outnumbered).
  2788 | D:3      | 2788 ||| Stepping ~*~*~tactically~*~*~ (outnumbered).
  2789 | D:3      | 2789 ||| Stepping ~*~*~tactically~*~*~ (outnumbered).
  2790 | D:3      | 2790 ||| Stepping ~*~*~tactically~*~*~ (outnumbered).
  2791 | D:3      | 2791 ||| Stepping ~*~*~tactically~*~*~ (outnumbered).
  2792 | D:3      | 2792 ||| Stepping ~*~*~tactically~*~*~ (outnumbered).
  2793 | D:3      | 2793 ||| Stepping ~*~*~tactically~*~*~ (outnumbered).
  2813 | D:3      | 2813 ||| Stepping ~*~*~tactically~*~*~ (stealth).
  2815 | D:3      | 2815 ||| Stepping ~*~*~tactically~*~*~ (outnumbered).
  2817 | D:3      | 2817 ||| Stepping ~*~*~tactically~*~*~ (outnumbered).
  2928 | D:3      | 2928 ||| Stepping ~*~*~tactically~*~*~ (outnumbered).
  3256 | D:3      | Reached skill level 5 in Unarmed Combat
  3374 | D:3      | 3374 ||| DROPPING ring of flight.
  3375 | D:3      | 3375 ||| READING 2 scrolls labelled SEYT WUINAREX.
  3376 | D:3      | 3376 ||| READING 2 scrolls of identify.
  3376 | D:3      | 3376 ||| IDENTIFYING metallic golden potion
  3410 | D:4      | Noticed Natasha
  3422 | D:4      | HP: 9/41 [Natasha/magic dart (5)]
  3423 | D:4      | 3423 ||| READING scroll of teleportation.
  3425 | D:4      | Killed Natasha
  3581 | D:4      | Noticed Natasha
  3596 | D:4      | Killed Natasha
  3597 | D:4      | Reached XP level 6. HP: 13/48 MP: 7/7
  3830 | D:4      | Found a burning altar of Makhleb.
  3930 | D:4      | Noticed Natasha
  3931 | D:4      | 3931 ||| Stepping ~*~*~tactically~*~*~ (stealth).
  3948 | D:4      | Killed Natasha
  4095 | D:4      | 4095 ||| Stepping ~*~*~tactically~*~*~ (stealth).
  4110 | D:4      | Reached skill level 6 in Unarmed Combat
  4136 | D:4      | 4136 ||| Stepping ~*~*~tactically~*~*~ (stealth).
  4137 | D:4      | 4137 ||| Stepping ~*~*~tactically~*~*~ (stealth).
  4159 | D:4      | Reached skill level 3 in Fighting
  4475 | D:4      | Found a sacrificial altar of Ru.
  4624 | D:4      | Found a runed translucent gate.
  4624 | D:4      | Found a runed translucent gate.
  4624 | D:4      | Found a runed translucent gate.
  4628 | D:4      | Noticed qw's ghost (amateur TeWr)
  4766 | D:4      | 4766 ||| UPGRADING to +4 ring of protection.
  4767 | D:4      | 4767 ||| READING 2 scrolls of identify.
  4767 | D:4      | 4767 ||| IDENTIFYING green potion
  4819 | D:5      | Entered Level 5 of the Dungeon
  4820 | D:5      | 4820 ||| STAIRDANCE
  4925 | D:5      | 4925 ||| STAIRDANCE
  5036 | D:5      | 5036 ||| STAIRDANCE
  5047 | D:4      | Reached XP level 7. HP: 53/57 MP: 8/8
  5159 | D:5      | 5159 ||| STAIRDANCE
  5267 | D:5      | 5267 ||| STAIRDANCE
  5374 | D:5      | 5374 ||| STAIRDANCE
  5559 | D:5      | 5559 ||| Stepping ~*~*~tactically~*~*~ (hiding).
  5574 | D:5      | Reached skill level 7 in Unarmed Combat
  5650 | D:5      | Found a hide-covered altar of Uskayaw.
  5763 | D:5      | 5763 ||| Stepping ~*~*~tactically~*~*~ (hiding).
  5816 | D:5      | 5816 ||| FLEEEEING.
  5817 | D:5      | 5817 ||| FLEEEEING.
  5819 | D:5      | 5819 ||| FLEEEEING.
  5820 | D:5      | 5820 ||| FLEEEEING.
  5821 | D:5      | 5821 ||| FLEEEEING.
  5822 | D:5      | 5822 ||| FLEEEEING.
  5823 | D:5      | 5823 ||| FLEEEEING.
  5824 | D:5      | 5824 ||| FLEEEEING.
  5825 | D:5      | 5825 ||| FLEEEEING.
  5826 | D:5      | 5826 ||| FLEEEEING.
  5827 | D:5      | 5827 ||| FLEEEEING.
  5828 | D:5      | 5828 ||| FLEEEEING.
  5829 | D:5      | 5829 ||| FLEEEEING.
  5830 | D:5      | 5830 ||| FLEEEEING.
  5831 | D:5      | 5831 ||| FLEEEEING.
  5832 | D:5      | 5832 ||| FLEEEEING.
  5833 | D:5      | 5833 ||| FLEEEEING.
  5834 | D:5      | 5834 ||| FLEEEEING.
  5835 | D:5      | 5835 ||| FLEEEEING.
  5836 | D:5      | 5836 ||| FLEEEEING.
  5837 | D:5      | 5837 ||| FLEEEEING.
  5838 | D:5      | 5838 ||| FLEEEEING.
  5839 | D:5      | 5839 ||| STAIRDANCE
  5950 | D:4      | 5950 ||| READING scroll labelled NIAWIL ERIFATU.
  6005 | D:5      | Reached skill level 8 in Unarmed Combat
  6047 | D:5      | 6047 ||| Stepping ~*~*~tactically~*~*~ (stealth).
  6124 | D:5      | Noticed Ijyb
  6125 | D:5      | Paralysed by Ijyb for 2 turns
  6130 | D:5      | Killed Ijyb
  6221 | D:5      | Reached XP level 8. HP: 28/66 MP: 9/9
  6324 | D:5      | 6324 ||| FLEEEEING.
  6432 | D:5      | 6432 ||| Stepping ~*~*~tactically~*~*~ (stealth).
  6434 | D:5      | 6434 ||| Stepping ~*~*~tactically~*~*~ (stealth).
  6436 | D:5      | 6436 ||| Stepping ~*~*~tactically~*~*~ (stealth).
  6438 | D:5      | 6438 ||| Stepping ~*~*~tactically~*~*~ (stealth).
  6571 | D:5      | Noticed Pikel
  6571 | D:5      | 6571 ||| Stepping ~*~*~tactically~*~*~ (stealth).
  6572 | D:5      | Noticed Menkaure
  6573 | D:5      | 6573 ||| Stepping ~*~*~tactically~*~*~ (hiding).
  6595 | D:5      | Killed Pikel
  6596 | D:5      | Reached skill level 6 in Fighting
  6600 | D:5      | Killed Menkaure
  6601 | D:5      | HP: 3/71 [ogre/+0 giant spiked club (17)]
  6602 | D:5      | HP: 1/71 [ogre/+0 giant spiked club (2)]
  6604 | D:5      | Mangled by an ogre

Levels and vault maps discovered:
D:1:      minmay_arrival_semitransparent, layout_basic, minmay_lizard_pond
D:2:      layout_basic, hellmonk_ecumenical_altar_arch_garden,
          eino_tiny_chamber, kennysheep_minor_cross
D:3:      layout_loops_ring, wad_floor_pattern_1, minmay_lizard_king
D:4:      layout_loops_cross, mainiacjoe_overflow_concentric_impassable,
          lemuel_coloured_pillars_altar, gammafunk_ghost_nasty_kobolds,
          nicolae_figureground_sparkle, uniq_natasha
D:5:      layout_basic, lemuel_round_altar, minmay_misc_feat_ornament,
          uniq_ijyb, uniq_pikel, uniq_menkaure

Skill      XL: |  1  2  3  4  5  6  7  8 |
---------------+-------------------------+-----
Unarmed Combat | 1 2 3 4 5 6 8 |  8.5
Fighting       | 1 2 3 6 |  6.5
Armour         | 1 2 |  2.2
Dodging        | |  1.7
Stealth        | |  2.1
Spellcasting   | |  1.7
Conjurations   | |  0.7
Fire Magic     | |  2.4

Action                   |  1- 3 |  4- 6 |  7- 9 || total
-------------------------+-------+-------+-------++-------
Melee: Unarmed           |   136 |   227 |   121 ||   484
       Punch             |       |     1 |     3 ||     4
Throw: Boomerang         |       |    12 |    10 ||    22
  Use: Scroll            |     7 |     5 |     1 ||    13
       Potion            |     2 |       |       ||     2
Armor: Robe              |    15 |       |       ||    15
       Chain mail        |    46 |   154 |    48 ||   248
Dodge: Dodged            |    53 |    86 |    31 ||   170

Table legend:
 A = Non-vault XP
 B = Vault XP
 C = Vault XP percentage of total XP
 D = Non-vault monster count
 E = Vault monster count
 F = Vault count percentage of total count
                 A         B        C        D         E       F
            +---------+---------+-------+---------+---------+-------
      Total |    1124 |     848 |  43.0 |     104 |      22 |  17.5
            +---------+---------+-------+---------+---------+-------
        D:1 |      26 |       7 |  21.2 |      18 |       7 |  28.0
        D:2 |      48 |       0 |   0.0 |      21 |       0 |   0.0
        D:3 |     174 |      11 |   5.9 |      27 |      11 |  28.9
        D:4 |     366 |      36 |   9.0 |      17 |       1 |   5.6
        D:5 |     510 |     794 |  60.9 |      21 |       3 |  12.5
            +---------+---------+-------+---------+---------+-------
